 Dungeon Crawl Stone Soup version 0.27-a0-76-ga51d4ba9de (webtiles) character file.

Game seed: 8497204231967225904

2926 Grim the Destroyer (level 9, -1/45 HPs)
             Began as a Deep Elf Conjurer on Dec 29, 2020.
             Was a Believer of Vehumet.
             Shot with a sling bullet by Joseph (14 damage)
             ... on level 7 of the Dungeon on Jan 13, 2021.
             The game lasted 00:30:39 (11686 turns).

Grim the Destroyer (Deep Elf Conjurer)             Turns: 11686, Time: 00:30:39

Health: -1/45      AC:  7    Str:  7    XL:     9   Next: 50%
Magic:  8/15       EV: 13    Int: 26    God:    Vehumet [**....]
Gold:   190        SH:  0    Dex: 13    Spells: 0/14 levels left

rFire    . . .     SeeInvis .   o - +6 short sword (venom)
rCold    . . .     Faith    .   (no shield)
rNeg     . . .     Spirit   .   a - +0 robe
rPois    .         Reflect  .   (helmet restricted)
rElec    .         Harm     .   h - +0 cloak
rCorr    .         Rampage  .   (no gloves)
Will     .....     Clarity  +   (no boots)
Stlth    ++........             v - amulet of regeneration
HPRegen  0.55/turn              w - +4 ring of protection
MPRegen  0.14/turn              (no ring)

@: no status effects
A: antennae 1, clarity, strong 1
a: Renounce Religion


You were on level 7 of the Dungeon.
You worshipped Vehumet.
Vehumet was pleased with you.
You visited 2 branches of the dungeon, and saw 8 of its levels.
You also visited: Ossuary.

You collected 190 gold pieces.

Inventory:

Hand Weapons
 o - a +6 short sword of venom (weapon)
 t - a +0 quarterstaff
Missiles
 p - 47 poisoned darts
 r - 6 curare-tipped darts
Armour
 a - a +0 robe (worn)
 h - a +0 cloak (worn)
 y - a +0 pair of boots
Jewellery
 v - an amulet of regeneration (around neck)
 w - a +4 ring of protection (left hand)
 z - the amulet "Rely" {Inacc Dex+6 Stlth-}
   (You found it on level 5 of the Dungeon)

   [amulet of inaccuracy]

   It reduces the accuracy of all your attacks.
   It affects your dexterity (+6).
   It makes you less stealthy.
 B - an uncursed amulet of faith {unknown}
Wands
 q - a wand of acid (11)
 D - a wand of random effects (7)
Scrolls
 d - a scroll of magic mapping {unknown}
 f - 6 scrolls of remove curse {unknown}
 j - a scroll of amnesia {unknown}
 m - a scroll of enchant armour {unknown}
 n - a scroll of immolation {unknown}
 u - a scroll of random uselessness {unknown}
 A - 2 scrolls of identify
 C - 2 scrolls of teleportation {unknown}
 E - a scroll of enchant weapon {unknown}
 I - a scroll of blinking
Potions
 b - a potion of resistance
 c - 2 potions of degeneration {unknown}
 e - 3 potions of curing
 g - 5 potions of flight
 i - 2 potions of cancellation
 k - 2 potions of haste
 l - a potion of magic {unknown}
 s - a potion of invisibility {unknown}
 x - a potion of ambrosia {unknown}
 F - a potion of might {unknown}
 G - a potion of brilliance {unknown}
 H - a potion of lignification {unknown}
 J - a potion of heal wounds


   Skills:
 - Level 4.1 Staves
 - Level 2.4 Dodging
 - Level 2.4 Stealth
 - Level 3.0 Spellcasting
 - Level 11.7 Conjurations
 - Level 9.5 Hexes
 + Level 0.0 Translocations


You couldn't memorise any spells.
You knew the following spells:

 Your Spells              Type           Power        Failure   Level
a - Magic Dart            Conj           100%         1%          1
b - Searing Ray           Conj           100%         1%          2
c - Fulminant Prism       Conj/Hex       28%          1%          4
d - Dazzling Flash        Conj/Hex       100%         1%          3
e - Iskenderun's Mystic   Conj/Tloc      34%          9%          4

Your spell library contained the following spells:

 Spells                   Type           Power        Failure   Level
 Sandblast                Erth           6%           10%         1
 Shock                    Conj/Air       100%         1%          1
 Poisonous Vapours        Pois/Air       6%           14%         2
 Starburst                Conj/Fire      17%          78%         6
 Spellforged Servitor     Conj/Summ      17%          100%        7


Dungeon Overview and Level Annotations

Branches:
Dungeon (7/15)             Temple (1/1) D:5         Ossuary (visited)

Altars:
Ashenzari
Cheibriados
Dithmenos
Gozag
Makhleb
Qazlal
Trog
Uskayaw
Vehumet
Zin
The Shining One

Annotations:
D:5 2 transporters, Makratea's ghost, amateur MiFi
D:7 Joseph


Innate Abilities, Weirdness & Mutations

You have a pair of small antennae on your head.
You possess an exceptional clarity of mind.
Your muscles are strong. (Str +2)


Message History

Joseph is moderately wounded.
You see here 5 sling bullets.
Casting: Fulminant Prism (dangerous; 1% risk of failure)
Confirm with . or Enter, or press ? or * to list all spells.
Aiming: Fulminant Prism (dangerous; 1% risk of failure)
Press: ? - help, Dir - move target You conjure a prism of explosive energy!
A fulminant prism comes into view.
Joseph shoots a sling bullet.
The sling bullet barely misses you.
Joseph shoots a sling bullet.
The sling bullet hits you!
* * * LOW HITPOINT WARNING * * *
Your fulminant prism crackles loudly.
You see here a sling bullet.
Joseph shoots a sling bullet.
The sling bullet hits you!
* * * LOW HITPOINT WARNING * * *
Your fulminant prism explodes!
The blast of energy engulfs Joseph!!
Joseph is severely wounded.
Joseph shoots a sling bullet.
The sling bullet hits you!
You die...

#.@..(((.# #.######@# #.#
###.# #.# #...## #.####.#..#
##......)..# ##...####...##
#..###..###..#
#.##......##@#
#.....##.....#
#....####....###############
#....####......@...(@.......
#.....##.....(##############
#.##......##..#
#..###..###...#
##...####.....#
##.....(.(..##


You could see Joseph.

Vanquished Creatures
  Menkaure (D:6)
  A sky beast (D:5)
  A phantom (D:5)
  A necrophage (D:6)
  3 ice beasts
  A centaur (D:6)
  7 ogres
  A bullfrog (D:7)
  2 water moccasin zombies (Ossuary)
  3 scorpions
  2 howler monkeys (D:5)
  A bullfrog zombie (D:5)
  3 orc priests
  6 hounds
  An iron imp (D:5)
  A gnoll shaman (D:5)
  An iguana (D:6)
  Terence (D:3)
  8 orc wizards
  5 worker ants
  2 big kobold zombies (Ossuary)
  A hound skeleton (D:4)
  2 mummies (Ossuary)
  A howler monkey zombie (D:7)
  Robin (D:3)
  5 gnolls (D:5)
  7 adders
  3 shadow imps (D:5)
  2 oozes
  An ufetubus (D:5)
  3 adder zombies (Ossuary)
  2 adder skeletons
  6 worms
  3 dart slugs
  3 leopard geckos
  18 orcs
  6 bats
  2 giant cockroaches
  5 gnoll zombies (Ossuary)
  10 goblins
  11 hobgoblins
  12 kobolds
  3 quokkas
  5 frilled lizards
  2 goblin zombies (D:7)
  3 hobgoblin zombies (Ossuary)
  9 kobold zombies (Ossuary)
  A leopard gecko skeleton (D:5)
  4 orc zombies (Ossuary)
  A quokka skeleton (D:4)
  A quokka zombie (D:7)
  6 rats
191 creatures vanquished.

Vanquished Creatures (others)
  A bush (D:5)
  9 fulminant prisms
  32 plants (D:7)
42 creatures vanquished.

Grand Total: 233 creatures vanquished

Notes
Turn   | Place    | Note
-------+----------+-------------------------------------------
     0 | D:1      | Grim the Deep Elf Conjurer began the quest for the Orb.
     0 | D:1      | Reached XP level 1. HP: 10/10 MP: 6/6
   467 | D:1      | Reached skill level 5 in Conjurations
   467 | D:1      | Reached XP level 2. HP: 15/15 MP: 1/8
   529 | D:1      | Learned a level 2 spell: Searing Ray
  1206 | D:2      | Reached XP level 3. HP: 19/19 MP: 7/9
  1394 | D:2      | You fall into a shaft and drop 1 floor!
  1395 | D:3      | Noticed Robin
  1427 | D:3      | Noticed a scorpion
  1926 | D:2      | Reached skill level 6 in Conjurations
  2609 | D:3      | Reached XP level 4. HP: 24/24 MP: 7/10
  2834 | D:3      | Noticed Terence
  2852 | D:3      | Killed Terence
  3009 | D:3      | Killed Robin
  3180 | D:3      | Upgraded the game from 0.26-a0-1205-g4083c211ab to
                  | 0.27-a0-76-ga51d4ba9de
  3497 | D:3      | Learned a level 4 spell: Fulminant Prism
  3544 | D:3      | Reached skill level 7 in Conjurations
  3544 | D:3      | Reached XP level 5. HP: 28/28 MP: 7/11
  3870 | D:3      | Found a shadowy altar of Dithmenos.
  4146 | D:3      | Reached skill level 8 in Conjurations
  4337 | D:3      | Reached XP level 6. HP: 32/32 MP: 7/12
  4661 | D:3      | Found a bloodstained altar of Trog.
  5104 | D:4      | Reached skill level 1 in Hexes
  5315 | D:4      | Reached skill level 1 in Staves
  5387 | D:4      | Reached XP level 7. HP: 36/36 MP: 6/13
  5679 | D:4      | Found a glowing silver altar of Zin.
  6331 | D:5      | Entered Level 5 of the Dungeon
  6846 | D:5      | Found a staircase to the Ecumenical Temple.
  7013 | D:5      | Got a translucent zirconium amulet
  7022 | Temple   | Entered the Ecumenical Temple
  7088 | Temple   | Identified the amulet "Rely" {Inacc Dex+6 Stlth-} (You
                  | found it on level 5 of the Dungeon)
  7190 | Temple   | Became a worshipper of Vehumet
  7441 | D:5      | Reached skill level 9 in Conjurations
  7441 | D:5      | Reached skill level 5 in Hexes
  7667 | D:5      | Reached XP level 8. HP: 39/41 MP: 12/14
  7894 | D:5      | Found a transporter.
  7898 | D:5      | Found a transporter.
  7898 | D:5      | Noticed Makratea's ghost (amateur MiFi)
  8124 | D:5      | Found a snail-covered altar of Cheibriados.
  8740 | D:6      | Noticed Menkaure
  8748 | D:6      | Killed Menkaure
  9007 | D:6      | Found a glowing golden altar of the Shining One.
  9529 | D:6      | Reached skill level 10 in Conjurations
  9593 | D:6      | Reached XP level 9. HP: 45/45 MP: 8/15
  9816 | D:6      | Noticed a moth of wrath
  9819 | D:6      | Found a bloodstained altar of Trog.
  9946 | D:6      | Reached * piety under Vehumet
  9946 | D:6      | Offered knowledge of Shock by Vehumet.
 10167 | D:7      | Identified the Compendium of Toxic Attacks
 10283 | D:7      | Found a sand-covered staircase.
 10309 | Ossuary  | Entered an ossuary
 10491 | Ossuary  | Offered knowledge of Sandblast by Vehumet.
 10494 | Ossuary  | Reached ** piety under Vehumet
 10744 | D:7      | Reached skill level 11 in Conjurations
 10787 | D:7      | Gained mutation: You are partially covered in thin metallic
                  | scales. (AC +2) [potion of mutation]
 10787 | D:7      | Gained mutation: You are partially covered in molten
                  | scales. (AC +2) [potion of mutation]
 10788 | D:7      | Lost mutation: You are partially covered in thin metallic
                  | scales. (AC +2) [potion of mutation]
 10788 | D:7      | Lost mutation: You are partially covered in molten scales.
                  | (AC +2) [potion of mutation]
 10788 | D:7      | Gained mutation: You have a pair of small antennae on your
                  | head. [potion of mutation]
 10788 | D:7      | Gained mutation: Your muscles are strong. (Str +2) [potion
                  | of mutation]
 10788 | D:7      | Gained mutation: You possess an exceptional clarity of
                  | mind. [potion of mutation]
 11538 | D:7      | Noticed Joseph
 11548 | D:7      | Learned a level 3 spell: Dazzling Flash
 11553 | D:7      | Learned a level 4 spell: Iskenderun's Mystic Blast
 11686 | D:7      | Shot with a sling bullet by Joseph

Illustrated notes

Levels and vault maps discovered:
D:1:      dpeg_arrival_radiant, layout_basic
D:2:      layout_basic
D:3:      layout_basic, grunt_dithmenos_smoke, lightli_temple_of_fire,
          grunt_ministairs_11, uniq_terence, uniq_robin
D:4:      layout_gridville, zin_academy, minmay_pentomino_pile
D:5:      layout_cave_pods, slow_altar_2, minmay_temple_entry_statues_fountains,
          gammafunk_ghost_hive, cheibrodos_gnoll_hut
D:6:      layout_basic, kennysheep_mini_moat,
          gammafunk_temple_overflow_forgotten, tgw_trog, uniq_menkaure,
          uniq_pikel
D:7:      kennysheep_housing_project, layout_basic, enter_ossuary_4,
          minmay_misc_feat_iff, uniq_joseph
Temple:   minmay_temple_curvy_branch

Skill      XL: |  1  2  3  4  5  6  7  8  9 |
---------------+----------------------------+-----
Conjurations   | 5 6 7 8 9 10 11 | 11.7
Hexes          | 3 5 9 |  9.5
Staves         | 1 2 4 |  4.1
Dodging        | |  2.4
Stealth        | |  2.4
Spellcasting   | |  3.0

Action                   |  1- 3 |  4- 6 |  7- 9 || total
-------------------------+-------+-------+-------++-------
Melee: Short sword       |       |     2 |   149 ||   151
 Cast: Magic Dart        |    73 |    99 |   167 ||   339
       Searing Ray       |     3 |     9 |    23 ||    35
       Fulminant Prism   |       |       |     9 ||     9
  Use: Potion            |     2 |       |     3 ||     5
       Scroll            |       |       |     6 ||     6
 Stab: Sleeping          |       |       |     1 ||     1
Armor: Robe              |       |       |    49 ||    49
Dodge: Dodged            |     6 |     7 |    90 ||   103

Table legend: (Time is in decaauts)
 A = Elapsed time spent in this place.
 B = Non-inter-level travel time spent in this place.
 C = Inter-level travel time spent in this place.
 D = Time resting spent in this place.
 E = Time spent auto-exploring this place.
 F = Levels seen in this place.
 G = Mean time per level.
                   A        B        C        D        E       F      G
               +--------+--------+--------+--------+--------+-----+--------+
         Total |  11697 |  11343 |    354 |   5022 |   4742 |   9 | 1299.7 |
       Dungeon |  11154 |  10822 |    332 |   4919 |   4536 |   7 | 1593.4 |
        Temple |    190 |    168 |     22 |     49 |     88 |   1 |  190.0 |
       Ossuary |    353 |    353 |      0 |     54 |    118 |   1 |  353.0 |
               +--------+--------+--------+--------+--------+-----+--------+

Top non-repeatable levels by time:
     D:3: 2386 daAuts
     D:4: 1929 daAuts
     D:6: 1626 daAuts
     D:2: 1475 daAuts
     D:5: 1355 daAuts
     D:7: 1207 daAuts
     D:1: 1174 daAuts
 Ossuary: 353 daAuts
  Temple: 190 daAuts
